 Dungeon Crawl Stone Soup version 0.28-a0-1387-g3a22ab9bdc (webtiles) character file.

Game seed: 16919387739861555075

935 Deminshera the Insei (level 8, -2/72 HPs)
             Began as a Gnoll Transmuter on Jan 2, 2022.
             Was an Initiate of Ashenzari.
             Slain by a centaur warrior zombie (6 damage)
             ... on level 6 of the Dungeon.
             The game lasted 00:07:28 (7717 turns).

Deminshera the Insei (Gnoll Transmuter)             Turns: 7717, Time: 00:07:29

Health: -2/72      AC:  6    Str: 12    XL:     8   Next: 11%
Magic:  8/16       EV: 11    Int: 12    God:    Ashenzari [......]
Gold:   229        SH:  0    Dex: 13    Spells: 10/18 levels left

rFire   x . .      SeeInvis .     - Unarmed
rCold   + + +      Faith    .   (shield currently unavailable)
rNeg    . . .      Spirit   .   (armour currently unavailable)
rPois   +          Reflect  .   (helmet currently unavailable)
rElec   .          Harm     .   (cloak currently unavailable)
rCorr   .          Rampage  .   (gloves currently unavailable)
Will    .....                   (boots currently unavailable)
Stlth   ++........              (no amulet)
HPRegen 0.22/turn               (no ring)
MPRegen 0.15/turn               (no ring)

@: ice-form, very slightly contaminated
A: freezing attack, amphibious, boosted hp, large, (fangs 1), strong nose,
distributed training, (horns 1), wild magic 1
a: End Transformation, Renounce Religion


You were on level 6 of the Dungeon.
You worshipped Ashenzari.
Ashenzari was noncommittal.
You were a creature of crystalline ice.
You visited 1 branch of the dungeon, and saw 6 of its levels.

You collected 229 gold pieces.

Inventory:

Armour
 m - a +2 robe of fire resistance (melded)
Wands
 h - a wand of digging (1)
 k - a wand of polymorph (8)
Scrolls
 b - 2 scrolls of summoning {unknown}
 f - a scroll of acquirement {unknown}
 g - 4 scrolls of identify {unknown}
 i - 2 scrolls of teleportation {unknown}
 j - 2 scrolls of blinking {unknown}
Potions
 a - a potion of haste {unknown}
 c - a potion of curing
 d - 2 potions of mutation
 e - a potion of ambrosia {unknown}
 l - a potion of heal wounds {unknown}
 n - a potion of lignification {unknown}


   Skills:
 + Level 4.0 Fighting
 + Level 3.0 Short Blades
 + Level 3.0 Long Blades
 + Level 3.0 Axes
 + Level 3.0 Maces & Flails
 + Level 3.0 Polearms
 + Level 3.0 Staves
 + Level 3.0 Slings
 + Level 3.0 Bows
 + Level 3.0 Crossbows
 + Level 3.0 Throwing
 + Level 3.0 Armour
 + Level 5.5 Dodging
 + Level 3.0 Stealth
 + Level 3.0 Shields
 + Level 7.2 Unarmed Combat
 + Level 5.8 Spellcasting
 + Level 2.4 Conjurations
 + Level 2.4 Hexes
 + Level 2.4 Summonings
 + Level 2.4 Necromancy
 + Level 2.4 Translocations
 + Level 4.5 Transmutations
 + Level 2.4 Fire Magic
 + Level 2.4 Ice Magic
 + Level 2.4 Air Magic
 + Level 2.4 Earth Magic
 + Level 2.4 Poison Magic
 + Level 3.2 Invocations
 + Level 3.0 Evocations


You had 10 spell levels left.
You knew the following spells:

 Your Spells              Type           Power      Damage    Failure   Level
a - Beastly Appendage     Tmut           36%        N/A       4%          1
b - Spider Form           Tmut/Pois      15%        N/A       19%         3
c - Ice Form              Ice/Tmut       15%        N/A       50%         4

Your spell library contained the following spells:

 Spells                   Type           Power      Damage    Failure   Level
 Wereblood                Tmut           18%        N/A       7%          2


Dungeon Overview and Level Annotations

Branches:
Dungeon (6/15)
 Temple: D:4-7

Altars:
Ashenzari
Cheibriados
Hepliaklqana
Vehumet
Xom

Shops:
D:3 :


Innate Abilities, Weirdness & Mutations

You are a creature of crystalline ice.
You have a powerful freezing melee attack.
You are amphibious.
Your maximum health is increased.
Your armour is entirely melded.
You are incapable of wielding weapons or throwing items.
((You have very sharp teeth.))
Your uncanny sense of smell can sniff out nearby items.
Your experience applies equally to all skills.
((You have a pair of small horns on your head.))
Your spells are a little harder to cast, but a little more powerful.


Message History

Your +2 robe of fire resistance unmelds from your body.
You feel resistant to fire.
The centaur warrior zombie barely misses you.
The centaur warrior zombie kicks you.
* * * LOW HITPOINT WARNING * * *
The centaur warrior zombie closely misses you. x2
It was a potion of mutation.
You feel extremely strange.
You feel less in control of your magic. A pair of horns grows on your head!
The centaur warrior zombie closely misses you.
The centaur warrior zombie kicks you but does no damage.
It was a potion of curing.
You feel better.
The centaur warrior zombie hits you but does no damage.
The centaur warrior zombie kicks you but does no damage.
Casting: Spider Form (dangerous; 19% risk of failure)
Confirm with . or Enter, or press ? or * to list all spells.
The spell is quite dangerous to miscast (50% risk of failure)!
Continue anyway?
You miscast Ice Form.
You are very lightly contaminated with residual magic.
You feel very strange. The centaur warrior zombie hits you!
* * * LOW HITPOINT WARNING * * *
The centaur warrior zombie kicks you but does no damage.
The centaur warrior zombie barely misses you.
The centaur warrior zombie completely misses you.
Casting: Ice Form (quite dangerous; 50% risk of failure)
Confirm with . or Enter, or press ? or * to list all spells.
The spell is quite dangerous to miscast (50% risk of failure)!
Continue anyway?
You turn into a creature of crystalline ice.
Your +2 robe of fire resistance melds into your body.
You feel less resistant to fire.
The centaur warrior zombie barely misses you.
The centaur warrior zombie kicks you but does no damage.
You hit the centaur warrior zombie but do no damage.
The centaur warrior zombie is severely damaged.
The centaur warrior zombie hits you.
* * * LOW HITPOINT WARNING * * *
The centaur warrior zombie misses you.
You punch the centaur warrior zombie!
The centaur warrior zombie is almost destroyed.
The centaur warrior zombie hits you.
You die...

#.....$.# ####
#.......# ...#
###.....>..
#..##..........
#..#)###...#..
######...##..###
.............##
..####.Z####....
#..Y..#.###
##.###...### .
##..##......#. ...
#(.#..........
.....##.##..........
#...............
.........##.<.......
.......####.........
...[..# #.........


You could see a centaur warrior zombie.

Vanquished Creatures
  A black bear (D:5)
  An ogre (D:5)
  A phantom (D:4)
  Blork the orc (D:4)
  2 scorpions (D:5)
  A water moccasin zombie (D:5)
  2 iguanas
  2 centaur skeletons (D:5)
  2 orc wizards
  Natasha (thrice) (D:4)
  Robin (D:3)
  9 adders
  An adder skeleton (D:5)
  A worm (D:4)
  4 dart slugs
  13 orcs
  5 endoplasms
  4 giant cockroaches
  17 goblins
  7 hobgoblins
  12 ball pythons
  7 bats
  5 frilled lizards
  4 kobolds
  7 rats
113 creatures vanquished.

Notes
Turn   | Place    | Note
-------+----------+-------------------------------------------
     0 | D:1      | Deminshera the Gnoll Transmuter began the quest for the
                  | Orb.
     0 | D:1      | Reached XP level 1. HP: 17/17 MP: 6/6
   141 | D:1      | Reached XP level 2. HP: 9/23 MP: 5/7
   809 | D:1      | Found a faded altar of an unknown god.
  1041 | D:2      | Reached skill level 5 in Spellcasting
  1041 | D:2      | Reached XP level 3. HP: 18/28 MP: 6/9
  1173 | D:2      | Learned a level 3 spell: Spider Form
  1409 | D:2      | Reached skill level 1 in Invocations
  1564 | D:2      | Reached skill level 1 in Short Blades
  1564 | D:2      | Reached skill level 1 in Long Blades
  1564 | D:2      | Reached skill level 1 in Axes
  1564 | D:2      | Reached skill level 1 in Maces & Flails
  1564 | D:2      | Reached skill level 1 in Polearms
  1564 | D:2      | Reached skill level 1 in Staves
  1564 | D:2      | Reached skill level 1 in Slings
  1564 | D:2      | Reached skill level 1 in Bows
  1564 | D:2      | Reached skill level 1 in Crossbows
  1564 | D:2      | Reached skill level 1 in Throwing
  1564 | D:2      | Reached skill level 1 in Armour
  1564 | D:2      | Reached skill level 1 in Stealth
  1564 | D:2      | Reached skill level 1 in Shields
  1564 | D:2      | Reached skill level 1 in Evocations
  2017 | D:2      | Reached XP level 4. HP: 29/34 MP: 11/11
  2214 | D:2      | Learned a level 4 spell: Ice Form
  2872 | D:3      | Found a shimmering altar of Xom.
  2881 | D:3      | Found a radiant altar of Vehumet.
  3100 | D:3      | Found Fosoy's Book Shop.
  3112 | D:3      | Reached skill level 1 in Conjurations
  3112 | D:3      | Reached skill level 1 in Hexes
  3112 | D:3      | Reached skill level 1 in Summonings
  3112 | D:3      | Reached skill level 1 in Necromancy
  3112 | D:3      | Reached skill level 1 in Translocations
  3112 | D:3      | Reached skill level 1 in Fire Magic
  3112 | D:3      | Reached skill level 1 in Ice Magic
  3112 | D:3      | Reached skill level 1 in Air Magic
  3112 | D:3      | Reached skill level 1 in Earth Magic
  3112 | D:3      | Reached skill level 1 in Poison Magic
  3865 | D:4      | Noticed Robin
  3950 | D:3      | Reached XP level 5. HP: 9/40 MP: 1/12
  4302 | D:3      | Killed Robin
  4924 | D:4      | Noticed Blork the orc
  4935 | D:4      | Killed Blork the orc
  4936 | D:4      | Reached XP level 6. HP: 19/47 MP: 11/14
  5252 | D:4      | Noticed Natasha
  5266 | D:4      | Killed Natasha
  5267 | D:4      | Reached skill level 5 in Dodging
  5548 | D:4      | Noticed Natasha
  5556 | D:4      | Killed Natasha
  5564 | D:4      | Noticed Natasha
  5570 | D:4      | Killed Natasha
  5708 | D:4      | Found a large runed translucent door.
  5709 | D:4      | Found a large runed translucent door.
  5973 | D:4      | Found a hazy altar of Hepliaklqana.
  5976 | D:4      | Found a snail-covered altar of Cheibriados.
  5990 | D:4      | Reached XP level 7. HP: 45/52 MP: 12/15
  6101 | D:5      | Entered Level 5 of the Dungeon
  6144 | D:5      | Reached skill level 7 in Unarmed Combat
  7348 | D:5      | Reached XP level 8. HP: 60/60 MP: 12/16
  7448 | D:5      | Found a broken altar of Ashenzari.
  7483 | D:5      | Became a worshipper of Ashenzari the Shackled
  7712 | D:6      | Gained mutation: Your spells are a little harder to cast,
                  | but a little more powerful. [potion of mutation]
  7712 | D:6      | Gained mutation: You have a pair of small horns on your
                  | head. [potion of mutation]
  7717 | D:6      | Slain by a centaur warrior zombie

Illustrated notes

Levels and vault maps discovered:
D:1:      mrwooster_arrival_arrow, layout_rooms,
          shapermc_ecumenical_altar_notcrosses
D:2:      layout_loops_ring
D:3:      layout_loops_ring, mainiacjoe_overflow_swirl, serial_glass,
          glass_columns_a, glass_columns_b, serial_shops, shop, st_stairs_5
D:4:      layout_cave_pools, jmf_multi_god_temple2, serial_column_ruins,
          column_ruins_grid_1, column_ruins_columns_dead_end,
          column_ruins_columns_straight, uniq_blork_the_orc, uniq_natasha,
          uniq_robin
D:5:      layout_gridville, old_standard_altar, nrook_mini_backslash
D:6:      layout_rooms, biasface_ghost_orc_armoury,
          corexii_item_surrounded_by_moat, minmay_manual_mail, uniq_edmund

Skill      XL: |  1  2  3  4  5  6  7  8 |
---------------+-------------------------+-----
Spellcasting   | 5 |  5.8
Invocations    | 1 2 3 |  3.2
Short Blades   | 1 2 3 |  3.0
Long Blades    | 1 2 3 |  3.0
Axes           | 1 2 3 |  3.0
Maces & Flails | 1 2 3 |  3.0
Polearms       | 1 2 3 |  3.0
Staves         | 1 2 3 |  3.0
Slings         | 1 2 3 |  3.0
Bows           | 1 2 3 |  3.0
Crossbows      | 1 2 3 |  3.0
Throwing       | 1 2 3 |  3.0
Armour         | 1 2 3 |  3.0
Stealth        | 1 2 3 |  3.0
Shields        | 1 2 3 |  3.0
Evocations     | 1 2 3 |  3.0
Conjurations   | 1 2 |  2.4
Hexes          | 1 2 |  2.4
Summonings     | 1 2 |  2.4
Necromancy     | 1 2 |  2.4
Translocations | 1 2 |  2.4
Fire Magic     | 1 2 |  2.4
Ice Magic      | 1 2 |  2.4
Air Magic      | 1 2 |  2.4
Earth Magic    | 1 2 |  2.4
Poison Magic   | 1 2 |  2.4
Fighting       | 3 4 |  4.0
Transmutations | 4 |  4.5
Dodging        | 5 |  5.5
Unarmed Combat | 7 |  7.2

Action                   |  1- 3 |  4- 6 |  7- 9 || total
-------------------------+-------+-------+-------++-------
Melee: Unarmed           |    80 |   160 |    75 ||   315
       Kick              |     8 |     4 |     2 ||    14
       Bite              |     7 |     5 |     3 ||    15
       Headbutt          |     4 |     2 |       ||     6
       Punch             |       |       |     1 ||     1
 Cast: Beastly Appendage |    14 |     7 |     1 ||    22
       Spider Form       |     4 |    14 |    12 ||    30
       Ice Form          |       |     3 |     1 ||     4
 Abil: End Transformatio |     1 |       |       ||     1
  Use: Potion            |       |       |     2 ||     2
 Stab: Sleeping          |     2 |     4 |       ||     6
Armor: Robe              |    19 |    14 |    11 ||    44
       Skin              |     2 |    20 |     4 ||    26
Dodge: Dodged            |    58 |   147 |    95 ||   300

Table legend: (Time is in decaauts)
 A = Elapsed time spent in this place.
 B = Non-inter-level travel time spent in this place.
 C = Inter-level travel time spent in this place.
 D = Time resting spent in this place.
 E = Time spent auto-exploring this place.
 F = Levels seen in this place.
 G = Mean time per level.
                   A        B        C        D        E       F      G
               +--------+--------+--------+--------+--------+-----+--------+
         Total |   7674 |   7565 |    109 |   2697 |   4019 |   6 | 1279.0 |
       Dungeon |   7674 |   7565 |    109 |   2697 |   4019 |   6 | 1279.0 |
               +--------+--------+--------+--------+--------+-----+--------+

Top non-repeatable levels by time:
     D:3: 2050 daAuts
     D:5: 1559 daAuts
     D:2: 1547 daAuts
     D:4: 1466 daAuts
     D:1: 1004 daAuts
     D:6: 45 daAuts
